 Dungeon Crawl Stone Soup version 0.16.0-18-g484a79e (console) character file.

270 gw the Slasher (level 6, -2/48 HPs)
             Began as a Human Berserker on Mar 22, 2015.
             Was a Priest of Trog.
             Killed from afar by an orc wizard (13 damage)
             ... with a puff of flame
             ... on level 4 of the Dungeon.
             The game lasted 00:03:52 (3110 turns).

gw the Slasher (Human Berserker)                    Turns: 3110, Time: 00:03:52

Health: -2/48      AC: 17    Str: 17    XL:     6   Next: 46%
Magic:  6/6        EV:  5    Int:  8    God:    Trog [***...]
Gold:   161        SH:  0    Dex: 14    Spells: 0 memorised, 5 levels left

rFire  . . .     SeeInvis .     a - +0 long sword (protect)
rCold  . . .     Clarity  .     h - +0 plate armour
rNeg   . . .     SustAb   .     (no shield)
rPois  .         Gourm    .     p - +0 helmet
rElec  .         Spirit   .     (no cloak)
rCorr  .         Warding  .     (no gloves)
rMut   .         Stasis   .     (no boots)
MR     ++...                    (no amulet)
Stlth  ..........               (no ring)
                                (no ring)

@: regenerating, very resistant to hostile enchantments, extremely unstealthy
A: no striking features
a: Burn Spellbooks, Berserk, Trog's Hand, Renounce Religion


You were on level 4 of the Dungeon.
You worshipped Trog.
Trog was most pleased with you.
You were near starving.

You visited 1 branch of the dungeon, and saw 4 of its levels.

You collected 161 gold pieces.

Inventory:

Hand weapons
 a - a +0 long sword of protection (weapon)
 b - a +0 hunting sling
Missiles
 j - 181 stones (quivered)
 r - 15 sling bullets
Armour
 h - a +0 plate armour (worn)
 p - a +0 helmet (worn)
Magical devices
 e - a wand of draining (2)
Scrolls
 f - a scroll of recharging
 t - a scroll of identify
Potions
 d - a potion of invisibility
 k - a potion of ambrosia
Comestibles
 c - a bread ration
 g - 3 meat rations
 i - a royal jelly
 l - a slice of pizza
 o - 2 beef jerkies


   Skills:
 + Level 4.0 Fighting
 * Level 5.0 Long Blades
 + Level 1.7 Slings
 + Level 3.3 Armour
 - Level 2.0 Dodging


You had 5 spell levels left.
You didn't know any spells.

Dungeon Overview and Level Annotations

Branches:
Dungeon (4/15)
 Temple: D:4-7

Altars:
Ashenzari
Dithmenos
Gozag
Kikubaaqudgha
Ru
Xom


Message History

Something hits you but does no damage.
Unknown command.
Unknown command.
Unknown command.
Unknown command.
ATTACK MOVE TO (1,1)
Something hits you but does no damage. The orc hits you with a trident.
Things that are here:
a flail; an orc corpse Unknown command.
Unknown command.
Unknown command.
Unknown command.
ATTACK MOVE TO (1,1)
You closely miss the orc. Something hits you but does no damage.
The orc hits you with a trident.
You hear some strange, mumbled words.
A puff of flame appears from out of thin air!
The puff of flame hits you!
You die...

.......# ........#
........####?
.........#....#
............##
...........#
#).).....^.
...###<..........
#......){p..$..$>.
#.#####...o....#.#
#.......##
............
###..........
..#.#.#(..
...#.#.##.
.###.... #..


You could see an orc.

Table legend:
 A = Turns spent in this place as a percentage of turns spent in the entire game.
 B = Non-inter-level travel turns spent in this place as a percentage of non-inter-level travel turns spent in the entire game.
 C = Inter-level travel turns spent in this place as a percentage of turns spent in this place.
 D = Turns resting spent in this place as a percentage of non-inter-level travel turns spent in this place.
 E = Turns spent auto-exploring this place as a percentage of non-inter-level travel turns spent in this place.
 F = Non-inter-level travel turns spent in this place divided by the number of levels of this place that you've seen.
                   A       B       C       D       E      F
               +-------+-------+-------+-------+-------+----------------------
         Total | 100.0 | 100.0 |   0.2 |   0.8 |   2.5 | 1405.5
       Dungeon | 100.0 | 100.0 |   0.2 |   0.8 |   2.5 | 1405.5
               +-------+-------+-------+-------+-------+----------------------

Table legend:
 A = Kills in this place as a percentage of kills in entire the game.
 B = Kills by you in this place as a percentage of kills by you in the entire game.
 C = Kills by friends in this place as a percentage of kills by friends in the entire game.
 D = Other kills in this place as a percentage of other kills in the entire game.
 E = Experience gained in this place as a percentage of experience gained in the entire game.
 F = Experience gained in this place divided by the number of levels of this place that you have seen.
                   A       B       C       D       E      F
               +-------+-------+-------+-------+-------+----------------------
         Total | 100.0 | 100.0 |  -nan |  -nan | 100.0 |  96.5
       Dungeon | 100.0 | 100.0 |  -nan |  -nan | 100.0 |  96.5
               +-------+-------+-------+-------+-------+----------------------

Vanquished Creatures
  3 orc priests
  2 orc wizards (D:4)
  3 adders
  2 giant mites (D:1)
  A worm (D:4)
  2 giant geckos (D:3)
  7 orcs (D:3)
  4 giant cockroaches
  4 hobgoblins
  8 jackals
  9 kobolds
  10 bats
  2 giant newts
  7 goblins
  2 rats
66 creatures vanquished.

Notes
Turn   | Place    | Note
--------------------------------------------------------------
     0 | D:1      | gw, the Human Berserker, began the quest for the Orb.
     0 | D:1      | Reached XP level 1. HP: 18/18 MP: 1/1
   294 | D:1      | Reached XP level 2. HP: 24/24 MP: 2/2
   595 | D:1      | Reached XP level 3. HP: 29/29 MP: 3/3
   597 | D:1      | Acquired Trog's second power
  1497 | D:2      | Reached XP level 4. HP: 35/35 MP: 4/4
  1505 | D:2      | Found a shattered altar of Ashenzari.
  1505 | D:2      | Found a shadowy altar of Dithmenos.
  1506 | D:2      | Found an opulent altar of Gozag.
  1507 | D:2      | Found a sacrificial altar of Ru.
  1507 | D:2      | Found a shimmering altar of Xom.
  1507 | D:2      | Found an ancient bone altar of Kikubaaqudgha.
  1952 | D:3      | Reached skill level 4 in Long Blades
  2103 | D:3      | Reached XP level 5. HP: 42/42 MP: 5/5
  2221 | D:3      | Reached skill level 1 in Slings
  3098 | D:4      | Reached XP level 6. HP: 16/48 MP: 6/6
  3104 | D:4      | Reached skill level 5 in Long Blades
  3110 | D:4      | Killed from afar by an orc wizard

Action                   |  1- 3 |  4- 6 || total
-------------------------+-------+-------++-------
Melee: Falchion          |   105 |    55 ||   160
       Long sword        |       |    44 ||    44
 Fire: Hunting sling     |     5 |    58 ||    63
Invok: Berserk           |     1 |     1 ||     2
       Trog's Hand       |       |     2 ||     2
  Use: Scroll            |     5 |     7 ||    12
       Potion            |     3 |     6 ||     9
  Eat: Chunk             |     3 |     5 ||     8

Vault maps used:
D:1:      onia_arrival_pyramid
D:2:      grunt_temple_overflow_open
D:4:      minmay_temple_entry_nine_rooms, first_bread
